AoeStats
← IDWARE21

Arena

510206428Analyzed
4v4 RM · 2d ago on Sep 29, 2026· 48m 25s· 8 players
Game mode
Random Map
Map size
Large (8 player)
Population
200
Speed
Normal
Resources
Standard
Victory
Conquest
Starting age
Dark Age
Ending age
Imperial Age
RankedLock teamsTeams togetherTeam positionsShared explorationLock speedFull tech treeHidden civsTurbo modeCheats
Victory
Defeat
🇨🇴 Celts · Colombia
1308
+13
🇨🇴 Tupi · Colombia
1304
+13
🇸🇻 Saxons · El Salvador
1258
+15
🇺🇸 Mongols · United States
1251
+16
🇺🇸 Persians · United States
1340
-18
🇦🇷 Saracens · Argentina
1261
-15
🇲🇽 Byzantines · Mexico
1204
-13
🇦🇷 Goths · Argentina
1172
-11
TowLeeDough
10:11 Feudal Age
11:57 Double-Bit Axe
14:13 Castle Age
11:57 Horse Collar
15:25 Heavy Plow
21:11 Stone Mining
21:23 Loom
22:08 Gold Mining
23:02 Bow Saw
25:41 Wheelbarrow
24:52 Town Watch
28:41 Imperial Age
27:40 Hand Cart
27:21 Fletching
27:32 Padded Archer Armor
27:54 Ballistics
29:05 Bodkin Arrow
29:25 Leather Archer Armor
30:48 Elite Mangudai
31:52 Conscription
32:12 Bracer
32:22 Siege Engineers
33:10 Gold Shaft Mining
37:50 Drill
38:19 Onager
39:43 Siege Onager
Yaoces
9:46 Feudal Age
14:03 Castle Age
13:02 Double-Bit Axe
12:58 Horse Collar
16:54 Loom
23:10 Fletching
24:40 Bodkin Arrow
26:44 Scale Mail Armor
26:55 Forging
26:45 Guard Tower
27:17 Ballistics
27:54 Sanctity
27:37 Devotion
33:26 Forging
40:30 Imperial Age
40:40 Imperial Age
37:37 Clerical Recruitment
39:25 Redemption
39:37 Sanctity
40:33 Iron Casting
39:59 Scale Mail Armor
41:17 Squires
41:03 Arson
40:47 Elite Varangian Guard
42:40 Conscription
43:40 Murder Holes
46:42 Block Printing
biodegradable plastic
12:27 Feudal Age
16:45 Castle Age
14:38 Double-Bit Axe
16:58 Wheelbarrow
16:26 Stone Mining
17:22 Gold Mining
17:47 Bow Saw
17:46 Horse Collar
21:55 Padded Archer Armor
22:44 Forging
22:28 Fletching
24:34 Bodkin Arrow
26:41 Leather Archer Armor
28:10 Ballistics
29:41 Hand Cart
34:15 Heavy Plow
34:51 Gold Shaft Mining
41:51 Imperial Age
42:01 Treadmill Crane
42:45 Pikeman
43:25 Squires
44:23 Forging
44:13 Scale Mail Armor
43:44 Halberdier
44:10 Arson
44:52 Caciques
45:08 Conscription
46:26 Iron Casting
46:06 Chain Mail Armor
Mhao
10:56 Feudal Age
13:15 Double-Bit Axe
15:49 Castle Age
14:06 Stone Mining
14:21 Horse Collar
15:49 Wheelbarrow
16:43 Bow Saw
16:27 Gold Mining
17:19 Heavy Plow
22:32 Scale Mail Armor
28:41 Hand Cart
29:16 Chain Mail Armor
29:11 Forging
29:18 Loom
29:19 Town Watch
31:39 Town Patrol
35:45 Imperial Age
36:59 Gold Shaft Mining
36:59 Stone Shaft Mining
37:06 Fortified Wall
37:17 Ballistics
37:45 Conscription
36:46 Elite Woad Raider
38:04 Iron Casting
38:27 Stronghold
39:46 Plate Mail Armor
40:54 Blast Furnace
40:49 Scale Barding Armor
42:34 Pikeman
43:00 Gambesons
43:49 Chain Barding Armor
43:28 Capped Ram
44:48 Halberdier
IDWARE21
10:35 Feudal Age
14:20 Castle Age
12:13 Double-Bit Axe
12:46 Horse Collar
15:34 Bloodlines
16:43 Wheelbarrow
20:31 Husbandry
21:03 Scale Barding Armor
21:21 Gold Mining
22:24 Forging
23:54 Chain Barding Armor
24:01 Bow Saw
24:01 Loom
27:54 Iron Casting
28:22 Heavy Plow
30:00 Hand Cart
33:46 Imperial Age
34:39 Gold Shaft Mining
34:15 Cavalier
35:32 Plate Barding Armor
35:58 Blast Furnace
35:42 Crop Rotation
36:15 Two-Man Saw
36:13 Savar
37:52 Fletching
41:34 Stone Mining
45:10 Stone Shaft Mining
47:53 Conscription
48:02 Bodkin Arrow
48:31 Ballistics
49:21 Chemistry
48:36 Masonry
48:22 Sappers
49:28 Hoardings
Pelado
10:46 Feudal Age
11:56 Double-Bit Axe
14:35 Castle Age
15:08 Horse Collar
20:18 Heavy Plow
20:50 Bow Saw
20:37 Loom
21:56 Wheelbarrow
26:00 Gold Mining
31:53 Imperial Age
29:39 Hand Cart
31:59 Treadmill Crane
33:38 Chemistry
32:59 Ballistics
32:19 Heavy Scorpion
32:57 Onager
33:54 Town Watch
35:00 Town Patrol
36:49 Conscription
40:02 Two-Man Saw
Cdeleon
11:00 Feudal Age
14:48 Castle Age
12:37 Loom
13:03 Double-Bit Axe
15:36 Pikeman
24:00 Imperial Age
23:15 Bow Saw
24:03 Redemption
25:13 Arson
27:02 Scale Mail Armor
27:13 Forging
28:05 Sanctity
28:08 Squires
29:47 Block Printing
30:24 Illumination
32:16 Theocracy
33:37 Two-Man Saw
32:45 Horse Collar
33:35 Fletching
33:46 Padded Archer Armor
el pichichi
11:24 Feudal Age
16:25 Castle Age
17:07 Double-Bit Axe
17:05 Horse Collar
18:16 Heavy Plow
18:29 Bow Saw
19:13 Wheelbarrow
19:18 Gold Mining
24:37 Gold Shaft Mining
24:29 Fletching
27:15 Imperial Age
24:53 Loom
Connection lost

Rejoining the realm…

Still unreachable

The connection could not be restored.

Session expired

The server has moved on; the page needs a fresh start.